 Dungeon Crawl Stone Soup version 0.25-a0-110-ge29c8f2358 (webtiles) character file.

Game seed: 18222526375825803640, levelgen mode: deterministic

67 Leeroy the Slasher (level 4, 0/36 HPs)
             Began as a Draconian Skald on Nov 19, 2019.
             Slain by Terence
             ... wielding a +0 falchion
              (6 damage)
             ... on level 2 of the Dungeon.
             The game lasted 00:02:02 (1662 turns).

Leeroy the Slasher (Draconian Skald)                Turns: 1662, Time: 00:02:03

Health: 0/36       AC:  5    Str: 14    XL:     4   Next: 0%
Magic:  4/7        EV: 12    Int: 13    God:
Gold:   88         SH:  0    Dex: 11    Spells: 3/7 levels left

rFire    . . .     SeeInvis .   a - +0 falchion
rCold    . . .     Gourm    .   (no shield)
rNeg     . . .     Faith    .   (armour unavailable)
rPois    .         Spirit   .   (helmet restricted)
rElec    .         Reflect  .   (no cloak)
rCorr    .         Harm     .   (no gloves)
MR       .....                  (no boots)
Stlth    +.........             (no amulet)
HPRegen  0.12/turn              (no ring)
MPRegen  0.10/turn              (no ring)

@: no status effects
A: unfitting armour, cold-blooded, AC +5
a: no special abilities


You were on level 2 of the Dungeon.
You were hungry.

You visited 1 branch of the dungeon, and saw 2 of its levels.

You collected 88 gold pieces.

Inventory:

Hand Weapons
 a - a +0 falchion (weapon)
 i - a +0 hunting sling
 k - a +2 dagger of venom
Missiles
 b - 17 poisoned darts (quivered)
 g - 84 stones
Scrolls
 e - a scroll of blinking {unknown}
 f - 2 scrolls of enchant armour {unknown}
 j - a scroll of random uselessness {unknown}
 m - a scroll of remove curse {unknown}
Potions
 d - a potion of agility {unknown}
 h - 2 potions of curing
Comestibles
 c - 3 rations
 l - 3 chunks of flesh


   Skills:
 - Level 2.1 Fighting
 + Level 4.3 Long Blades
 - Level 2.1 Dodging
 - Level 2.0 Spellcasting
 - Level 2.6 Charms


You had 3 spell levels left.
You knew the following spells:

 Your Spells              Type           Power        Failure   Level  Hunger
a - Infusion              Chrm           #...         9%          1    ##.....
b - Spectral Weapon       Hex/Chrm       #.......     41%         3    ####...

Your spell library contained the following spells:

 Spells                   Type           Power        Failure   Level  Hunger
 Song of Slaying          Chrm           #.......     13%         2    ###....
 Shroud of Golubria       Chrm/Tloc      #.....       22%         2    ###....
 Regeneration             Chrm/Necr      #.........   41%         3    ####...


Dungeon Overview and Level Annotations

Branches:
Dungeon (2/15)

Altars:
Kikubaaqudgha

Annotations:
D:2 Terence


Innate Abilities, Weirdness & Mutations

Your plain brown scales are hard. (AC +5)
You cannot fit into any form of body armour.
You are cold-blooded and may be slowed by cold attacks.


Message History

You barely miss Terence.
Your spectral weapon hits Terence!
Terence hits you with a +0 falchion.
* * * LOW HITPOINT WARNING * * *
You hit Terence but do no damage.
Terence is moderately wounded.
Your spectral weapon hits Terence.
Terence hits you with a +0 falchion.
* * * LOW HITPOINT WARNING * * *
You hit Terence.
Terence is heavily wounded.
Your spectral weapon closely misses Terence.
Terence hits you with a +0 falchion.
* * * LOW HITPOINT WARNING * * *
It was a potion of curing.
You feel better. Terence hits you with a +0 falchion.
* * * LOW HITPOINT WARNING * * *
You hit Terence but do no damage.
Terence is heavily wounded.
Your spectral weapon barely misses Terence.
Terence hits you with a +0 falchion.
You die...

#.### ### #########.#
#.#8###8###.........#
#........############
#........8#
#........# #.#8##...#
#.####...## #.#
#⌠...⌠# #.# ##@..##
#.# #@..# #.. .(..#
.....8# ......##
#8###8## ## ##


You could see Terence and a friendly spectral +0 falchion.

Vanquished Creatures
  Natasha (D:2)
  An adder (D:2)
  A dart slug (D:1)
  A leopard gecko (D:1)
  A giant cockroach (D:1)
  5 goblins
  3 hobgoblins
  4 kobolds
  6 bats (D:1)
  6 frilled lizards
  A rat (D:1)
30 creatures vanquished.

Notes
Turn   | Place    | Note
-------+----------+-------------------------------------------
     0 | D:1      | Leeroy the Draconian Skald began the quest for the Orb.
     0 | D:1      | Reached XP level 1. HP: 17/17 MP: 3/3
   272 | D:1      | Reached XP level 2. HP: 23/24 MP: 5/5
   373 | D:1      | Reached skill level 3 in Long Blades
   905 | D:2      | Found an ancient bone altar of Kikubaaqudgha.
   985 | D:2      | Reached XP level 3. HP: 29/29 MP: 6/6
  1332 | D:2      | Noticed Natasha
  1341 | D:2      | Killed Natasha
  1341 | D:2      | Reached skill level 4 in Long Blades
  1544 | D:2      | Learned a level 3 spell: Spectral Weapon
  1626 | D:2      | Noticed Terence
  1638 | D:2      | Reached XP level 4. HP: 36/36 MP: 7/7
  1662 | D:2      | Slain by Terence

Levels and vault maps discovered:
D:1:      nicolae_arrival_somewhat_less_tricky_arrival, layout_basic
D:2:      layout_basic, kiku_gazebo_pond_becter, serial_corexii_hall,
          corexii_hall_statues_l, corexii_hall_statues_u,
          roderic_serpentine_path, uniq_natasha, uniq_terence

Skill      XL: |  1  2  3 |
---------------+----------+-----
Long Blades    | 3 4 |  4.3
Fighting       | |  2.1
Dodging        | |  2.1
Spellcasting   | |  2.0
Charms         | |  2.6

Action                   |  1- 3 |  4- 6 || total
-------------------------+-------+-------++-------
Melee: Falchion          |    89 |     4 ||    93
       Tailslap          |     8 |       ||     8
 Cast: Infusion          |     1 |       ||     1
       Spectral Weapon   |       |     1 ||     1
  Use: Potion            |       |     1 ||     1
  Eat: Chunk             |     2 |       ||     2
Armor: Skin              |    30 |       ||    30
Dodge: Dodged            |    52 |     1 ||    53
       Rpst.: Falchion   |    18 |       ||    18

Table legend:
 A = Non-vault XP
 B = Vault XP
 C = Vault XP percentage of total XP
 D = Non-vault monster count
 E = Vault monster count
 F = Vault count percentage of total count
                 A         B        C        D         E       F
            +---------+---------+-------+---------+---------+-------
      Total |      62 |      35 |  36.1 |      29 |       1 |   3.3
            +---------+---------+-------+---------+---------+-------
        D:1 |      37 |       0 |   0.0 |      21 |       0 |   0.0
        D:2 |      25 |      35 |  58.3 |       8 |       1 |  11.1
            +---------+---------+-------+---------+---------+-------
